 Dungeon Crawl Stone Soup version 0.23.2-1-ga50397a (webtiles) character file.

Game seed: 17764683607507388843

82 Kairos the Skirmisher (level 4, -3/37 HPs)
             Began as a Formicid Abyssal Knight on Apr 17, 2019.
             Was a Believer of Lugonu.
             Slain by an adder (4 damage)
             ... on level 2 of the Dungeon.
             The game lasted 00:02:47 (1963 turns).

Kairos the Skirmisher (Formicid Abyssal Knight)     Turns: 1963, Time: 00:02:47

Health: -3/37      AC:  3    Str: 17    XL:     4   Next: 70%
Magic:  5/5        EV: 11    Int: 12    God:    Lugonu [**....]
Gold:   122        SH:  0    Dex: 10    Spells: 3/3 levels left

rFire    . . .     SeeInvis +   a - +1 spear
rCold    . . .     Gourm    .   (no shield)
rNeg     . . .     Faith    .   b - +0 leather armour
rPois    .         Spirit   .   (helmet unavailable)
rElec    .         Reflect  .   k - scarf {cloud immunity}
rCorr    .         Harm     .   (no gloves)
MR       .....                  (no boots)
Stlth    +.........             (no amulet)
HPRegen  0.12/turn              (no ring)
MPRegen  0.09/turn              (no ring)

@: lethally poisoned (-3 -> -5)
A: permanent stasis, dig shafts and tunnels, four strong arms, antennae 3
a: Dig, Shaft Self, Depart the Abyss, Bend Space, Renounce Religion


You were on level 2 of the Dungeon.
You worshipped Lugonu.
Lugonu was pleased with you.
You were hungry.

You visited 1 branch of the dungeon, and saw 2 of its levels.
You visited the Abyss 1 time.

You collected 122 gold pieces.

Inventory:

Hand Weapons
 a - a +1 spear (weapon)
Armour
 b - a +0 leather armour (worn)
 k - a scarf of cloud immunity (worn)
Scrolls
 d - 2 scrolls of teleportation
 e - a scroll of identify
 f - a scroll of enchant armour
 h - a scroll of amnesia {unknown}
Potions
 j - a potion of curing
Comestibles
 c - 3 rations


   Skills:
 + Level 4.0 Fighting
 + Level 3.3 Polearms
 + Level 2.8 Armour
 + Level 1.2 Dodging
 + Level 0.3 Stealth
 + Level 2.3 Invocations


You had 3 spell levels left.
You didn't know any spells.
Your spell library contained the following spells:

 Spells                   Type           Power        Failure   Level  Hunger
 Animate Skeleton         Necr           N/A          36%         1    ##.....
 Pain                     Necr           #...         36%         1    ##.....
 Regeneration             Chrm/Necr      #.........   75%         3    ####...
 Vampiric Draining        Necr           #.........   75%         3    ####...
 Animate Dead             Necr           N/A          98%         4    #####..


Dungeon Overview and Level Annotations

Branches:
Dungeon (2/15)

Altars:
Makhleb


Innate Abilities, Weirdness & Mutations

You cannot be hasted, slowed, berserked, paralysed or teleported.
You can dig through walls and to a lower floor.
Your four strong arms can wield two-handed weapons with a shield.
You have a pair of large antennae on your head. (SInv)


Message History

The adder is heavily wounded.
The adder bites you.
* * * LOW HITPOINT WARNING * * *
You miss the adder.
The adder is heavily wounded.
The adder bites you.
* * * LOW HITPOINT WARNING * * *
You hit the adder.
The adder is almost dead.
* * * LOW HITPOINT WARNING * * *
You feel sick. The adder closely misses you.
The adder bites you but does no damage.
You closely miss the adder.
The adder is almost dead.
The adder bites you but does no damage.
You closely miss the adder.
The adder is almost dead.
A rat comes into view.
The adder bites you.
You die...

...†...# #.# #.######
#.# ...###### #.#
.#......# #.#
...####.# #.. .#####
#.## #.# ...... #.##
#.# ....######
.#.####.#
######.........†...
###.....#
###.@SgwK......######
.#.###..##
#.^.####...r { { #
#.## #...####...### .
# #.####.#.##.......#
#.###
#.................#
#....
....##.#.##.......>.#
#.###
###.##.#.####...#####
# ###.##.#.# #..... #
.......#.# #.#.### #


You could see a worm, an adder, a goblin, a kobold and a rat (wandering).

Vanquished Creatures
  3 adders (D:2)
  A worm (D:2)
  3 dart slugs (D:1)
  A leopard gecko (D:2)
  7 bats
  2 giant cockroaches
  A goblin (D:1)
  6 hobgoblins
  4 jackals (D:1)
  2 quokkas (D:2)
  A frilled lizard (D:2)
  7 kobolds
  8 rats
46 creatures vanquished.

Vanquished Creatures (others)
  A plant (D:2)
1 creature vanquished.

Grand Total: 47 creatures vanquished

Notes
Turn   | Place    | Note
-------+----------+-------------------------------------------
     0 | Abyss:1  | Kairos the Formicid Abyssal Knight began the quest for the
                  | Orb.
     0 | Abyss:1  | Reached XP level 1. HP: 18/18 MP: 2/2
    48 | Abyss:2  | Noticed a raiju
    48 | Abyss:2  | Noticed a raiju
    51 | Abyss:2  | Noticed a raiju
    52 | D:1      | Escaped the Abyss
   265 | D:1      | Reached * piety under Lugonu
   265 | D:1      | Reached XP level 2. HP: 20/25 MP: 3/3
   662 | D:1      | Reached XP level 3. HP: 22/30 MP: 4/4
  1252 | D:2      | Reached skill level 1 in Dodging
  1319 | D:2      | Found a burning altar of Makhleb.
  1456 | D:2      | Reached skill level 4 in Fighting
  1456 | D:2      | Reached XP level 4. HP: 16/37 MP: 5/5
  1894 | D:2      | Reached ** piety under Lugonu
  1961 | D:2      | HP: 1/37 [poisoned by an adder]
  1963 | D:2      | Slain by an adder

Skill      XL: |  1  2  3  4 |
---------------+-------------+-----
Dodging        | 1 |  1.2
Fighting       | 4 |  4.0
Polearms       | 3 |  3.3
Armour         | |  2.8
Stealth        | |  0.3
Invocations    | |  2.3

Action                   |  1- 3 |  4- 6 || total
-------------------------+-------+-------++-------
Melee: Spear             |   153 |    66 ||   219
Invok: Depart the Abyss  |     1 |       ||     1
  Use: Scroll            |     7 |       ||     7
       Potion            |       |     1 ||     1
  Eat: Chunk             |     1 |     2 ||     3
Armor: Leather armour    |    59 |     9 ||    68
Dodge: Dodged            |    91 |    17 ||   108
